SAAA
SIOUX FALLS RED PANDAS @ CALGARY LYNX
07/13/2027
 
TOP OF THE 1ST
Sioux Falls Red Pandas batting - Pitching for Calgary Lynx : LHP Octávio Fernández
Pitching: LHP Octávio Fernández
Batting: LHB Jerry Wilson 0-0: Called Strike
0-1: Ball
1-1: Ball
2-1: Foul Ball, location: 2F
2-2: Strikes out swinging
Batting: RHB Jesús Vásquez 0-0: Ball
1-0: Ball
2-0: Foul Ball, location: 2F
2-1: Ground out 6-3 (Groundball, 6)
Batting: RHB Pedro Pérez 0-0: Foul Ball, location: 2F
0-1: Foul Ball, location: 2F
0-2: Ball
1-2: Foul Ball, location: 2F
1-2: Foul Ball, location: 2F
1-2: Ball
2-2: Strikes out swinging
Top of the 1st over - 0 run(s), 0 hit(s), 0 error(s), 0 left on base; Sioux Falls 0 - Calgary 0
BOTTOM OF THE 1ST
Calgary Lynx batting - Pitching for Sioux Falls Red Pandas : RHP Alfredo Ríos
Pitching: RHP Alfredo Ríos
Batting: RHB Wilson Vega 0-0: Ball
1-0: Hit by Pitch
Batting: RHB José Carlos Ramos Pickoff Throw to First - Error! E1
Wilson Vega to second
0-0: Ball
1-0: Hit by Pitch
Batting: RHB Lytle Creek 0-0: Fly out, F7 (Flyball, 7D)
Runner from 2nd tags up, SAFE at 3rd, no throw
Batting: RHB José Jarca 0-0: Grounds into double play, 5-4-3 (Groundball, 56)
Bottom of the 1st over - 0 run(s), 0 hit(s), 1 error(s), 1 left on base; Sioux Falls 0 - Calgary 0
TOP OF THE 2ND
Sioux Falls Red Pandas batting - Pitching for Calgary Lynx : LHP Octávio Fernández
Batting: RHB Fokke Willemsen 0-0: Called Strike
0-1: SINGLE (Popup, 34D)
Batting: LHB Magali Lenidas 0-0: Called Strike
0-1: Ground out U3 (Groundball, 34S)
Fokke Willemsen to second
Batting: LHB Francisco Ortega 0-0: Called Strike
0-1: Called Strike
0-2: Strikes out looking
Batting: SHB Carlos Schultz 0-0: Swinging Strike
0-1: Ground out 4-3 (Groundball, 4)
Top of the 2nd over - 0 run(s), 1 hit(s), 0 error(s), 1 left on base; Sioux Falls 0 - Calgary 0
BOTTOM OF THE 2ND
Calgary Lynx batting - Pitching for Sioux Falls Red Pandas : RHP Alfredo Ríos
Batting: RHB Miguel Rosales 0-0: Called Strike
0-1: Ball
1-1: Ground out 4-3 (Groundball, 34)
Batting: LHB Thomas Campbell 0-0: Ball
1-0: DOUBLE (Flyball, 9D)
Batting: RHB Álex Estrada 0-0: Called Strike
0-1: Ball
1-1: Swinging Strike
1-2: Foul Ball, location: 2F
1-2: Foul Ball, location: 2F
1-2: Ground out 1-3 (Groundball, 15)
Batting: RHB Gilberto Rodríguez 0-0: Ball
1-0: 2-RUN HOME RUN (Line Drive, 7D), Distance : 379 ft
Batting: RHB Michael Garrett 0-0: Fly out, F8 (Flyball, 8LM)
Bottom of the 2nd over - 2 run(s), 2 hit(s), 0 error(s), 0 left on base; Sioux Falls 0 - Calgary 2
TOP OF THE 3RD
Sioux Falls Red Pandas batting - Pitching for Calgary Lynx : LHP Octávio Fernández
Batting: RHB Gaston Waller 0-0: Swinging Strike
0-1: Ball
1-1: Swinging Strike
1-2: Strikes out swinging
Batting: RHB Jim Unknown 0-0: Called Strike
0-1: SINGLE (Groundball, 4MD)
Batting: LHB Jerry Wilson 0-0: Ball
1-0: Swinging Strike
1-1: Ball
2-1: Ball
3-1: Foul Ball, location: 2F
3-2: Foul Ball, location: 2F
3-2: Grounds into double play, 3-6-1 (Groundball, 34)
Top of the 3rd over - 0 run(s), 1 hit(s), 0 error(s), 0 left on base; Sioux Falls 0 - Calgary 2
BOTTOM OF THE 3RD
Calgary Lynx batting - Pitching for Sioux Falls Red Pandas : RHP Alfredo Ríos
Batting: RHB Wilson Vega 0-0: Called Strike
0-1: Swinging Strike
0-2: Ball
1-2: Strikes out swinging
Batting: RHB José Carlos Ramos 0-0: Foul Ball, location: 2F
0-1: Ball
1-1: SINGLE (Groundball, 6MD)
Batting: RHB Lytle Creek 0-0: Grounds into double play, 6-4-3 (Groundball, 6)
Bottom of the 3rd over - 0 run(s), 1 hit(s), 0 error(s), 0 left on base; Sioux Falls 0 - Calgary 2
TOP OF THE 4TH
Sioux Falls Red Pandas batting - Pitching for Calgary Lynx : LHP Octávio Fernández
Batting: RHB Jesús Vásquez 0-0: Ball
1-0: Swinging Strike
1-1: Foul Ball, location: 2F
1-2: Fly out, F9 (Flyball, 9S)
Batting: RHB Pedro Pérez 0-0: Called Strike
0-1: Ball
1-1: Ball
2-1: Ball
3-1: SINGLE (Line Drive, 7LS)
Batting: RHB Fokke Willemsen 0-0: Fly out, F7 (Flyball, 78D)
Batting: LHB Magali Lenidas 0-0: Ball
1-0: Called Strike
1-1: Ball
2-1: Ball
3-1: Ground out U3 (Groundball, 3)
Top of the 4th over - 0 run(s), 1 hit(s), 0 error(s), 1 left on base; Sioux Falls 0 - Calgary 2
BOTTOM OF THE 4TH
Calgary Lynx batting - Pitching for Sioux Falls Red Pandas : RHP Alfredo Ríos
Batting: RHB José Jarca 0-0: SINGLE (Line Drive, 78S)
Batting: RHB Miguel Rosales 0-0: Foul Ball, location: 2F
0-1: Ball
1-1: Ground out 5-3 (Groundball, 56S)
José Jarca to second
Batting: LHB Thomas Campbell 0-0: Ball
José Jarca is caught stealing 3rd base
1-0: Foul Ball, location: 2F
1-1: Foul Ball, location: 2F
1-2: Ball
2-2: Foul Ball, location: 2F
2-2: SINGLE (Groundball, 3D)
Batting: RHB Álex Estrada 0-0: Ball
1-0: Ball
2-0: Ball
3-0: Base on Balls
Thomas Campbell to second
Batting: RHB Gilberto Rodríguez 0-0: Ball
1-0: Fly out, F8 (Flyball, 8LM)
Bottom of the 4th over - 0 run(s), 2 hit(s), 0 error(s), 2 left on base; Sioux Falls 0 - Calgary 2
TOP OF THE 5TH
Sioux Falls Red Pandas batting - Pitching for Calgary Lynx : LHP Octávio Fernández
Batting: LHB Francisco Ortega 0-0: Ball
1-0: Ball
2-0: Ground out 6-3 (Groundball, 6)
Batting: SHB Carlos Schultz 0-0: Foul Ball, location: 2F
0-1: Called Strike
0-2: SINGLE (Groundball, 34S) (infield hit)
Batting: RHB Gaston Waller 0-0: Called Strike
0-1: Ball
Carlos Schultz steals 2nd base
1-1: Ball
2-1: Called Strike
2-2: Ball
3-2: Strikes out swinging
Batting: RHB Jim Unknown 0-0: Fly out, F9 (Flyball, 9S)
Top of the 5th over - 0 run(s), 1 hit(s), 0 error(s), 1 left on base; Sioux Falls 0 - Calgary 2
BOTTOM OF THE 5TH
Calgary Lynx batting - Pitching for Sioux Falls Red Pandas : RHP Alfredo Ríos
Batting: RHB Michael Garrett 0-0: Ground out 6-3 (Groundball, 6)
Batting: RHB Wilson Vega 0-0: Called Strike
0-1: SINGLE (Groundball, 23) (infield hit)
Batting: RHB José Carlos Ramos 0-0: Hit by Pitch
Wilson Vega to second
Batting: RHB Lytle Creek 0-0: Ball
1-0: Ball
2-0: Called Strike
2-1: Grounds into double play, 6-4-3 (Groundball, 6)
Bottom of the 5th over - 0 run(s), 1 hit(s), 0 error(s), 1 left on base; Sioux Falls 0 - Calgary 2
TOP OF THE 6TH
Sioux Falls Red Pandas batting - Pitching for Calgary Lynx : LHP Octávio Fernández
Batting: LHB Jerry Wilson 0-0: Swinging Strike
0-1: Swinging Strike
0-2: Ball
1-2: Strikes out looking
Batting: RHB Jesús Vásquez 0-0: Called Strike
0-1: Swinging Strike
0-2: Ball
1-2: SINGLE (Line Drive, 78S)
Batting: RHB Pedro Pérez 0-0: Called Strike
0-1: Ball
1-1: SINGLE (Groundball, 56D)
Jesús Vásquez to second
Batting: RHB Fokke Willemsen 0-0: Ball
1-0: Foul Ball, location: 2F
1-1: Called Strike
1-2: Strikes out swinging
Batting: LHB Magali Lenidas 0-0: Foul Ball, location: 2F
0-1: Ball
1-1: Foul Ball, location: 2F
1-2: Ball
2-2: Strikes out swinging, 2-3 out at first.
Top of the 6th over - 0 run(s), 2 hit(s), 0 error(s), 2 left on base; Sioux Falls 0 - Calgary 2
BOTTOM OF THE 6TH
Calgary Lynx batting - Pitching for Sioux Falls Red Pandas : RHP Alfredo Ríos
Pitching: LHP António Venegas
Batting: RHB José Jarca 0-0: Ball
1-0: Swinging Strike
1-1: Swinging Strike
1-2: Strikes out swinging
Batting: RHB Miguel Rosales 0-0: Ground out 4-3 (Groundball, 4)
Batting: LHB Thomas Campbell 0-0: Ball
1-0: Ground out U3 (Groundball, 34S)
Bottom of the 6th over - 0 run(s), 0 hit(s), 0 error(s), 0 left on base; Sioux Falls 0 - Calgary 2
TOP OF THE 7TH
Sioux Falls Red Pandas batting - Pitching for Calgary Lynx : LHP Octávio Fernández
Batting: LHB Francisco Ortega 0-0: Foul Ball, location: 2F
0-1: Ball
1-1: Swinging Strike
1-2: Strikes out swinging, 2-3 out at first.
Batting: SHB Carlos Schultz 0-0: Ball
1-0: Called Strike
1-1: Ball
2-1: Foul Ball, location: 2F
2-2: Foul Ball, location: 2F
2-2: Ground out 3-1 (Groundball, 34S)
Batting: RHB Gaston Waller 0-0: Ball
1-0: Ball
2-0: Ball
3-0: Swinging Strike
3-1: Ground out 5-3 (Groundball, 56)
Top of the 7th over - 0 run(s), 0 hit(s), 0 error(s), 0 left on base; Sioux Falls 0 - Calgary 2
BOTTOM OF THE 7TH
Calgary Lynx batting - Pitching for Sioux Falls Red Pandas : LHP António Venegas
Batting: RHB Álex Estrada 0-0: Ball
1-0: Ball
2-0: Ball
3-0: Called Strike
3-1: Ground out 5-3 (Groundball, 56S)
Batting: RHB Gilberto Rodríguez 0-0: Fly out, F6 (Popup, 6D)
Batting: RHB Michael Garrett 0-0: Called Strike
0-1: DOUBLE (Line Drive, 78D)
Batting: RHB Wilson Vega 0-0: Called Strike
0-1: Foul Ball, location: 2F
0-2: Ground out 5-3 (Groundball, 56)
Bottom of the 7th over - 0 run(s), 1 hit(s), 0 error(s), 1 left on base; Sioux Falls 0 - Calgary 2
TOP OF THE 8TH
Sioux Falls Red Pandas batting - Pitching for Calgary Lynx : LHP Octávio Fernández
Batting: RHB Jim Unknown 0-0: Swinging Strike
0-1: Foul Ball, location: 2F
0-2: Ball
1-2: SINGLE (Groundball, 56S) (infield hit)
Pitching: RHP José Larranaga
Batting: LHB Jerry Wilson 0-0: Ball
1-0: Ball
2-0: Ball
3-0: Base on Balls
Jim Unknown to second
Batting: RHB Jesús Vásquez 0-0: Swinging Strike
0-1: Called Strike
0-2: Ball
1-2: Ball
2-2: Ball
3-2: Fly out, F6 (Popup, 5D)
Batting: RHB Pedro Pérez 0-0: Swinging Strike
0-1: Called Strike
0-2: Ball
1-2: Ball
2-2: Strikes out swinging
Batting: RHB Fokke Willemsen 0-0: Ball
1-0: Ball
2-0: Fly out, F8 (Flyball, 8LS)
Top of the 8th over - 0 run(s), 1 hit(s), 0 error(s), 2 left on base; Sioux Falls 0 - Calgary 2
BOTTOM OF THE 8TH
Calgary Lynx batting - Pitching for Sioux Falls Red Pandas : LHP António Venegas
Batting: RHB José Carlos Ramos 0-0: Called Strike
0-1: Ball
1-1: Ball
2-1: DOUBLE (Flyball, 8RD) - OUT at third base trying to stretch hit.
Batting: RHB Lytle Creek 0-0: Swinging Strike
0-1: SINGLE (Line Drive, 7S)
Batting: RHB José Jarca 0-0: Ball
1-0: SINGLE (Groundball, 5L) (infield hit)
Lytle Creek to second
Batting: RHB Miguel Rosales 0-0: DOUBLE (Groundball, 5L)
Lytle Creek scores
José Jarca to third
Batting: LHB Thomas Campbell 0-0: Swinging Strike
0-1: Ball
1-1: Ground out 6-3 (Groundball, 6)
Batting: RHB Álex Estrada 0-0: Called Strike
0-1: Ball
1-1: Ground out 6-3 (Groundball, 6S)
Bottom of the 8th over - 1 run(s), 4 hit(s), 0 error(s), 2 left on base; Sioux Falls 0 - Calgary 3
TOP OF THE 9TH
Sioux Falls Red Pandas batting - Pitching for Calgary Lynx : RHP José Larranaga
Pitching: RHP Tate Beason
Batting: LHB Magali Lenidas 0-0: Ball
1-0: Called Strike
1-1: Foul Ball, location: 2F
1-2: Ball
2-2: Ball
3-2: SINGLE (Line Drive, 4MD)
Batting: LHB Francisco Ortega 0-0: Ball
1-0: Ball
2-0: Ground out 4-3 (Groundball, 34)
Magali Lenidas to second
Batting: SHB Carlos Schultz 0-0: Swinging Strike
0-1: Swinging Strike
0-2: Ball
1-2: Ground out U3 (Groundball, 3)
Magali Lenidas to third
Batting: RHB Gaston Waller 0-0: Ball
1-0: Called Strike
1-1: Ground out 4-3 (Groundball, 4)
Top of the 9th over - 0 run(s), 1 hit(s), 0 error(s), 1 left on base; Sioux Falls 0 - Calgary 3
Saturday, May 26th, 2018 - OOTP Baseball 17.12 Build 75